 Dungeon Crawl Stone Soup version 0.21.1-1-g345015f (webtiles) character file.

1108 landshark666 the Chopper (level 8, -2/69 HPs)
             Began as a Minotaur Fighter on July 5, 2018.
             Was a Believer of Qazlal.
             Slain by an orc warrior
             ... wielding a +0 glaive
              (15 damage)
             ... on level 7 of the Dungeon.
             The game lasted 00:30:21 (5697 turns).

landshark666 the Chopper (Minotaur Fighter)         Turns: 5697, Time: 00:30:22

Health: -2/69      AC:  3    Str: 27    XL:     8   Next: 11%
Magic:  7/7        EV: 11    Int:  5    God:    Qazlal [**....]
Gold:   284        SH: 13    Dex: 11    Spells: 7/7 levels left

rFire    + + .     SeeInvis .   r - +0 war axe (freeze)
rCold    + . .     Gourm    .   c - +0 shield
rNeg     . . .     Faith    .   m - +0 leather armour {rF+}
rPois    +         Spirit   .   (helmet restricted)
rElec    +         Reflect  .   (no cloak)
rCorr    +         Harm     .   (no gloves)
MR       .....                  (no boots)
Stlth    ++........             (no amulet)
HPRegen  0.21/turn              l - ring of stealth
MPRegen  0.10/turn              (no ring)

@: mighty, resistant
A: retaliatory headbutt, horns 2
a: Upheaval, Renounce Religion


You were on level 7 of the Dungeon.
You worshipped Qazlal.
Qazlal was pleased with you.
You were not hungry.

You visited 1 branch of the dungeon, and saw 7 of its levels.

You collected 284 gold pieces.

Inventory:

Hand Weapons
 a - a +0 war axe
 e - a +0 hunting sling
 r - a +0 war axe of freezing (weapon)
 w - a +4 short sword
 F - a +2 whip of electrocution
 G - a +2 dagger of draining
Missiles
 g - 16 bolts
 h - 11 tomahawks (quivered)
 i - 63 arrows
 s - 62 stones
Armour
 b - a +0 scale mail
 c - a +0 shield (worn)
 j - a +0 chain mail
 m - a +0 leather armour of fire resistance (worn)
Jewellery
 l - a ring of stealth (left hand)
Wands
 E - a wand of disintegration (14)
Scrolls
 o - 4 scrolls of remove curse
 p - 2 scrolls of identify
 q - 2 scrolls of teleportation {unknown}
 v - 2 scrolls of fog {unknown}
 y - a scroll of noise {unknown}
 z - 2 scrolls of enchant armour {unknown}
 B - a scroll of blinking {unknown}
Potions
 d - 5 potions of might
 k - a potion of flight {unknown}
 n - a potion of heal wounds {unknown}
 t - a potion of resistance
 u - a potion of brilliance {unknown}
 x - a potion of agility {unknown}
 A - a potion of curing
 C - a potion of haste {unknown}
 D - a potion of cancellation {unknown}
Comestibles
 f - 8 rations


   Skills:
 + Level 5.5 Fighting
 + Level 7.4 Axes
 + Level 1.8 Throwing
 + Level 5.3 Armour
 + Level 4.0 Dodging
 + Level 1.2 Stealth
 - Level 5.2 Shields


You had 7 spell levels left.
You didn't know any spells.

Dungeon Overview and Level Annotations

Branches:
Dungeon (7/15)             Temple (0/1) D:4

Altars:
Cheibriados
Hepliaklqana
Qazlal
Sif Muna
The Shining One


Innate Abilities, Weirdness & Mutations

You reflexively headbutt those who attack you in melee.
You have a pair of horns on your head.


Message History

The orc priest miscasts a cantrip.
Throwing (i - inventory. (,) - cycle):
h - 12 tomahawks (quivered)
Press: ? - help, Shift-Dir - straight line, f/p - orc priest
Aim: an orc priest, wielding a war axe of freezing (lightly wounded)
You throw a tomahawk.
The tomahawk closely misses the orc warrior.
The tomahawk hits the orc priest.
The orc priest is moderately wounded.
You block the orc warrior's attack.
The orc priest calls down the wrath of Beogh upon you.
Beogh smites you!
You see here a scale mail.
The orc priest miscasts a cantrip.
You feel very mighty all of a sudden.
The orc warrior hits you from afar with a glaive!
* * * LOW HITPOINT WARNING * * *
It was a potion of resistance.
You feel protected.
The orc warrior hits you from afar with a glaive!
You die...

.....# #.# .....#
#.# .....# #o#
.....# #n# .....#
#(# #o# #†#
#.#################
#.o.no.o.@......).#
#################.#
#...........#
#.########### #.#
#.# #######.##
........<#
#######.##


You could see an orc warrior, a necrophage, an orc priest and an orc wizard.

Vanquished Creatures
  The ghost of Glennnyy the Chopper, an amateur MiGl (D:4)
  A gnoll sergeant (D:7)
  A bullfrog (D:6)
  2 scorpions (D:4)
  A howler monkey (D:4)
  A crimson imp (D:4)
  2 bullfrog skeletons
  A jelly (D:6)
  An orc priest (D:4)
  A hound (D:5)
  5 orc wizards
  Jessica (D:2)
  2 iguanas
  2 worker ants (D:4)
  8 adders
  4 gnolls (D:7)
  2 oozes
  An adder zombie (D:5)
  5 worms
  2 dart slugs
  3 leopard geckos
  7 orcs
  2 ball pythons
  5 bats
  8 giant cockroaches
  2 goblins
  6 hobgoblins
  18 jackals
  A quokka (D:4)
  4 frilled lizards
  A goblin skeleton (D:4)
  A hobgoblin zombie (D:4)
  A jackal skeleton (D:4)
  A kobold (D:2)
  3 kobold skeletons (D:4)
  2 kobold zombies (D:4)
  An orc skeleton (D:4)
  3 orc zombies (D:4)
  11 rats
124 creatures vanquished.

Notes
Turn   | Place    | Note
-------+----------+-------------------------------------------
     0 | D:1      | landshark666 the Minotaur Fighter began the quest for the Orb.
     0 | D:1      | Reached XP level 1. HP: 19/19 MP: 0/0
   109 | D:1      | Reached XP level 2. HP: 27/27 MP: 1/1
   785 | D:2      | Found a stormy altar of Qazlal.
   801 | D:2      | Became a worshipper of Qazlal Stormbringer
   807 | D:2      | Noticed Jessica
   813 | D:2      | Killed Jessica
   813 | D:2      | Reached skill level 3 in Axes
   813 | D:2      | Reached XP level 3. HP: 33/33 MP: 2/2
   938 | D:2      | Reached XP level 4. HP: 40/40 MP: 3/3
  1848 | D:3      | Reached skill level 4 in Axes
  1949 | D:3      | Found a snail-covered altar of Cheibriados.
  1982 | D:3      | Reached * piety under Qazlal
  2258 | D:3      | Found a deep blue altar of Sif Muna.
  2447 | D:4      | Reached skill level 1 in Dodging
  2616 | D:4      | Reached skill level 1 in Throwing
  2616 | D:4      | Reached XP level 5. HP: 41/46 MP: 4/4
  2975 | D:4      | Found a glowing golden altar of the Shining One.
  3172 | D:4      | Reached skill level 5 in Axes
  3172 | D:4      | Reached XP level 6. HP: 46/53 MP: 5/5
  3210 | D:4      | Noticed Glennnyy's ghost (amateur MiGl)
  3479 | D:4      | Killed Glennnyy's ghost
  3479 | D:4      | Reached skill level 1 in Stealth
  3479 | D:4      | Reached skill level 5 in Shields
  3911 | D:4      | Reached skill level 6 in Axes
  3911 | D:4      | Reached XP level 7. HP: 54/60 MP: 6/6
  3948 | D:4      | Found a staircase to the Ecumenical Temple.
  3982 | D:4      | Reached ** piety under Qazlal
  4120 | D:5      | Entered Level 5 of the Dungeon
  4388 | D:5      | Reached skill level 5 in Armour
  4469 | D:5      | Found a hazy altar of Hepliaklqana.
  4837 | D:5      | Reached skill level 5 in Fighting
  5476 | D:7      | Reached skill level 7 in Axes
  5476 | D:7      | Reached XP level 8. HP: 56/69 MP: 7/7
  5697 | D:7      | Slain by an orc warrior

Skill      XL: |  1  2  3  4  5  6  7  8 |
---------------+-------------------------+-----
Armour         | 4 5 |  5.3
Shields        | 4 5 |  5.2
Fighting       | 4 5 |  5.5
Axes           | 3 4 5 6 7 |  7.4
Dodging        | 1 2 3 4 |  4.0
Throwing       | 1 |  1.8
Stealth        | 1 |  1.2

Action                   |  1- 3 |  4- 6 |  7- 9 || total
-------------------------+-------+-------+-------++-------
Melee: War axe           |    60 |   159 |    98 ||   317
       Headbutt          |     5 |    18 |    21 ||    44
Throw: Tomahawk          |     7 |    14 |    12 ||    33
  Use: Scroll            |       |     3 |     1 ||     4
       Potion            |       |     1 |     2 ||     3
 Stab: Sleeping          |       |     3 |       ||     3
  Eat: Chunk             |       |    10 |     2 ||    12
       Ration            |       |       |     1 ||     1
Armor: Scale mail        |    10 |       |       ||    10
       Chain mail        |    11 |     9 |       ||    20
       Leather armour    |       |    22 |     9 ||    31
Dodge: Dodged            |     9 |    45 |    34 ||    88
Block: Shield            |    21 |   104 |    53 ||   178
